 Seeded DCSS version 0.30.1-6-gbe392663c4 (webtiles) character file.

Game seed: 6351066067085065685 (custom seed)

0 Esekla the Magician (level 1, 0/10 HPs)
             Began as a Deep Elf Wanderer on Sept 21, 2023.
             Slain by a goblin
             ... wielding a +0 club
              (3 damage)
             ... on level 1 of the Dungeon.
             The game lasted 00:01:19 (205 turns).

Esekla the Magician (Deep Elf Wanderer)              Turns: 205, Time: 00:01:19

Health: 0/10       AC:  2    Str: 11    XL:     1   Next: 8%
Magic:  6/7        EV: 10    Int: 17    God:
Gold:   0          SH:  3    Dex: 11    Spells: 6/8 levels left

rFire   . . .        a - +0 short sword
rCold   . . .        d - +0 buckler
rNeg    . . .        c - +0 robe
rPois   .            (no helmet)
rElec   .            (no cloak)
rCorr   .            (no gloves)
SInv    .            (no boots)
Will    .....        (no amulet)
Stlth   ++           (no ring)
HPRegen 0.21/turn    (no ring)
MPRegen 0.10/turn

%: no passive effects
@: no status effects
A: no striking features
a: no special abilities


You were on level 1 of the Dungeon.
You visited 1 branch of the dungeon, and saw 1 of its levels.

Inventory:

Hand Weapons
 a - a +0 short sword (weapon)
Armour
 c - a +0 robe (worn)
 d - a +0 buckler (worn)
Scrolls
 f - a scroll of fear {unknown}
 g - a scroll of identify {unknown}
Potions
 b - a potion of lignification
 e - a potion of ambrosia {unknown}
 h - a potion of heal wounds {unknown}


   Skills:
 + Level 1.2 Stealth
 + Level 1.5 Shields
 * Level 4.4 Spellcasting
 + Level 2.1 Translocations
 + Level 1.0 Invocations


You had 6 spell levels left.
You knew the following spells:

 Your Spells              Type           Power      Damage    Failure   Level
a - Magic Dart            Conj           12%        1d3       22%         1
p - Apportation           Tloc           22%        N/A       9%          1

Your spell library contained the following spells:

 Spells                   Type           Power      Damage    Failure   Level
 Blink                    Tloc           22%        N/A       14%         2
 Lesser Beckoning         Tloc           22%        N/A       14%         2
 Ignite Poison            Fire/Tmut/Pois 3%         N/A       54%         3
 Vampiric Draining        Necr           3%         2d6       54%         3


Dungeon Overview and Level Annotations

Branches:
Dungeon (1/15)

Altars:


Message History

h - a puce potion You start resting.
Magic restored.
A ball python and a frilled lizard come into view.
A goblin and an endoplasm come into view.
The frilled lizard hisses angrily.
Found a runed orb and a bubbling green potion.
The frilled lizard barely misses you.
The frilled lizard attacks as you move away!
The frilled lizard bites you but does no damage.
A ball python and 2 bats come into view.
The bat hits you but does no damage. The bat completely misses you.
You block the frilled lizard's attack. The bat closely misses you.
The goblin hits you with a +0 club. The bat closely misses you.
The bat hits you but does no damage.
The frilled lizard attacks as you move away!
The frilled lizard barely misses you. The bat barely misses you.
The bat closely misses you.
The frilled lizard attacks as you move away!
The frilled lizard barely misses you. The goblin attacks as you move away!
The goblin hits you with a +0 club.
A ball python comes into view.
Found a stone staircase leading down.
The bat hits you but does no damage.
Casting: Apportation (safe; 9% risk of failure)
Confirm with . or Enter, or press ? or * to list all spells.
Aiming: Magic Dart (safe; 22% risk of failure)
Press: ? - help, Shift-Dir - straight line, f - ball python
Aim: a ball python (asleep, 100% to hit)
The magic dart hits the ball python.
The ball python is severely wounded.
The ball python hisses angrily.
The bat barely misses you. You block the goblin's attack.
The frilled lizard bites you.
* * * LOW HITPOINT WARNING * * *
The ball python closely misses you. The ball python completely misses you.
The frilled lizard attacks as you move away!
The frilled lizard closely misses you. The bat barely misses you.
The ball python barely misses you. The ball python completely misses you.
The goblin attacks as you move away! The goblin hits you with a +0 club.
You die...

####......# #....#
#.....##..########..#
.......#............##
...J......#.##########
..#.###......##
b....#.#.....###
S......#.......#
#...#....##... ..
#.[....@####...>
##....lSg.!.....
#.#.....###....
#.#....## # #......#
#.#....# ########


You could see a goblin, a ball python and a frilled lizard.

Vanquished Creatures
  A kobold (D:1)
1 creature vanquished.

Notes
Turn   | Place    | Note
-------+----------+-------------------------------------------
     0 | D:1      | Esekla the Deep Elf Wanderer began the quest for the Orb.
     0 | D:1      | Esekla set off with the following items: a +0 club, a
                  | potion of lignification, a +0 robe, a +0 buckler; and the
                  | following spells available to memorise: Apportation, Blink,
                  | Lesser Beckoning, Magic Dart, Ignite Poison, Vampiric
                  | Draining.
     0 | D:1      | Reached XP level 1. HP: 10/10 MP: 7/7
     2 | D:1      | Learned a level 1 spell: Magic Dart
     4 | D:1      | Learned a level 1 spell: Apportation
   205 | D:1      | Slain by a goblin

Illustrated notes

Levels and vault maps discovered:
D:1:      sevenhm_arrival_forest_fort_small_3, layout_rooms,
          chequers_serial_rivers_room_b, minmay_misc_feat_five

Action                     || total
---------------------------++-------
   Cast: Magic Dart        ||     4
         Apportation       ||     3
 Armour: Robe              ||     5
  Dodge: Dodged            ||    16
  Block: Buckler           ||     2
